Map: Ultralove

Players

Iscariot - Winner!

  • Race: Protoss Protoss
  • League: Diamond
  • Spawn Location: 1:00

wootwoot

  • Race: Zerg Zerg
  • League: Diamond
  • Spawn Location: 7:00

VOD

Have the link to the VOD?

Description

Time

  • Played on: April 22, 2025, 8:12 a.m.
  • Length: 3:05
Show
View Real Time Build Order
Export as new Build Order

Iscariot Protoss - Winner!

Build Orders:  

Get SALT Encoding   

  12  0:00  Probe  
  13  0:12  Probe  
  14  0:17  Pylon  
  14  0:24  Probe  
  15  0:36  Probe  
  15  0:39  Gateway  
  16  0:47  Assimilator  
  16  0:49  Probe  
  17  1:02  Probe  
  18  1:04  Pylon  
  18  1:21  Forge  
  18  1:25  Probe  
  19  1:31  Pylon  
  19  1:32  Cybernetics Core  
  19  1:33  Zealot  
  19  1:39  Probe  
  22  1:55  Photon Cannon  
  22  2:03  Photon Cannon  
  22  2:09  Pylon  
  22  2:16  Shield Battery  
  24  2:35  Photon Cannon  
  24  2:38  Pylon  
  24  2:48  Probe  
  25  2:53  Pylon  
Show
View Real Time Build Order
Export as new Build Order

wootwoot Zerg 

Build Orders: Pool Only 

Get SALT Encoding   

  12  0:18  Spawning Pool  
  11  0:21  Drone  
  11  0:26  Drone  
  13  0:30  Drone  
  14  0:39  Overlord  
  14  1:04  Zergling x4  
  14  1:05  Zergling x2  
  17  1:16  Zergling x2  
  18  1:27  Zergling x2  
  19  1:37  Zergling x2  
  20  2:07  Zergling x2  
Tags
 
Matchup
PvZ
Opening
Pool Only
Replay Pack
#1B2M-Replays
Spawn Locations
Cross Positions
Add a new tag
Caveats
  • Supply blocks, unpowered buildings, or Contaminate may cause inaccurate times.
  • Supply counts are checked every 10 seconds.